Map: Odyssey LE

Players

Yata - Winner!

  • Race: Zerg Zerg
  • League: Silver
  • Spawn Location: 5:00

Xavier

  • Race: Protoss Protoss
  • League: Bronze
  • Spawn Location: 11:00

VOD

Have the link to the VOD?

Description

Time

  • Played on: July 22, 2017, 2:59 p.m.
  • Length: 16:09
Show
View Real Time Build Order
Export as new Build Order

Yata Zerg - Winner!

Build Orders: Hatch First 

Get SALT Encoding   

  12  0:01  Drone  
  13  0:12  Overlord  
  13  0:20  Drone  
  14  0:31  Overlord  
  14  0:36  Drone x2  
  16  0:45  Drone  
  17  1:07  Hatchery  
  17  1:10  Drone x2  
  18  1:25  Extractor  
  17  1:32  Spawning Pool  
  16  1:34  Drone x2  
  16  1:39  Drone  
  19  1:50  Overlord  
  19  2:00  Drone  
  20  2:13  Drone  
  21  2:19  Queen  
  21  2:20  Queen  
  25  2:23  Zergling x4  
  25  2:28  Metabolic Boost  
  27  2:46  Drone x3  
  27  2:47  Drone  
  31  2:52  Overlord  
  31  3:03  Queen  
  33  3:05  Lair  
  33  3:29  Drone  
  33  3:30  Drone x8  
  33  3:32  Overlord x3  
  42  4:06  Extractor  
  41  4:10  Hydralisk Den  
  41  4:12  Extractor  
  41  4:16  Extractor  
  38  4:22  Spore Crawler  
  38  4:23  Spore Crawler  
  34  4:55  Hydralisk  
  34  4:56  Hydralisk x3  
  42  5:15  Spore Crawler  
  41  5:29  Queen  
  41  5:30  Queen, Evolution Chamber  
  44  5:40  Muscular Augments  
  44  5:44  Hydralisk x3  
  50  6:02  Overseer  
  50  6:04  Overseer  
  50  6:05  Queen  
  50  6:06  Overlord x3, Queen  
  54  6:12  Hydralisk x2  
  54  6:13  Hydralisk  
  60  6:34  Drone x7  
  60  6:35  Drone x8  
  75  6:40  Hatchery  
  74  6:59  Queen  
  76  7:07  Infestation Pit  
  75  7:14  Hydralisk  
  75  7:15  Hydralisk x3  
  83  7:24  Overseer  
  83  7:57  Hydralisk x2  
  89  8:11  Zerg Missile Weapons Level 1  
  89  8:17  Overlord x2  
  89  8:18  Overlord x4  
  89  8:24  Queen  
  89  8:25  Hive  
  89  8:35  Queen  
  91  8:46  Infestor  
  91  8:47  Infestor x4  
  101  8:59  Lurker Den  
  101  9:00  Pneumatized Carapace  
  101  9:11  Queen  
  101  9:15  Zergling x2  
  101  9:16  Zergling x32  
  120  9:43  Burrow  
  120  9:53  Extractor  
  119  10:33  Hydralisk  
  119  10:34  Hydralisk x8  
  137  10:39  Overlord x3  
  137  10:40  Overlord x2  
  134  10:52  Ultralisk Cavern  
  119  11:17  Hydralisk x6  
  119  11:18  Hydralisk x6  
  137  11:24  Queen  
  145  11:29  Drone  
  145  11:30  Drone  
  147  12:16  Hatchery  
  146  12:48  Overseer x3  
  146  12:57  Zerg Missile Weapons Level 2  
  146  13:02  Evolution Chamber  
  145  13:07  Drone x8  
  153  13:27  Hatchery  
  152  13:40  Ultralisk x3  
  170  13:54  Overlord  
  170  14:12  Queen  
  172  14:36  Hydralisk x3  
  178  14:41  Hydralisk x2  
  178  14:42  Hydralisk  
  178  14:44  Spore Crawler  
  178  14:45  Overlord x3  
  183  14:46  Spore Crawler  
  183  14:47  Spore Crawler x2  
  183  14:48  Queen  
Show
View Real Time Build Order
Export as new Build Order

Xavier Protoss 

Build Orders:  

Get SALT Encoding   

  12  0:03  Probe (Chrono Boost)  
  13  0:14  Pylon  
  13  0:28  Probe (Chrono Boost)  
  14  0:36  Gateway  
  14  0:38  Probe (Chrono Boost)  
  15  0:49  Probe (Chrono Boost)  
  16  0:56  Assimilator  
  16  1:08  Probe (Chrono Boost)  
  18  1:18  Probe (Chrono Boost)  
  18  1:23  Cybernetics Core  
  18  1:29  Probe (Chrono Boost)  
  18  1:30  Assimilator  
  19  1:54  Pylon  
  19  2:00  Mothership Core (Chrono Boost)  
  21  2:06  Pylon  
  21  2:18  Probe (Chrono Boost)  
  22  2:27  Stargate  
  22  2:28  Probe (Chrono Boost)  
  23  2:39  Probe (Chrono Boost)  
  24  2:49  Probe (Chrono Boost)  
  25  2:54  Stargate  
  25  3:00  Probe (Chrono Boost)  
  26  3:10  Probe (Chrono Boost)  
  27  3:18  Void Ray  
  31  3:34  Probe (Chrono Boost)  
  32  3:46  Void Ray  
  36  3:55  Forge  
  36  4:01  Cybernetics Core  
  35  4:56  Probe (Chrono Boost)  
  36  5:06  Probe (Chrono Boost)  
  37  5:17  Protoss Shields Level 1, Probe (Chrono Boost)  
  38  5:28  Probe (Chrono Boost)  
  39  5:48  Pylon  
  39  5:51  Pylon  
  39  6:00  Pylon  
  39  6:06  Void Ray x2  
  39  6:08  Photon Cannon  
  39  6:10  Photon Cannon  
  47  6:12  Photon Cannon  
  47  6:24  Photon Cannon  
  47  6:26  Photon Cannon  
  47  6:29  Photon Cannon  
  47  6:32  Protoss Air Weapons Level 1, Protoss Air Armor Level 1  
  47  6:38  Photon Cannon  
  47  6:40  Photon Cannon  
  47  6:50  Gateway  
  47  6:51  Gateway  
  47  7:01  Void Ray  
  51  7:13  Twilight Council  
  51  7:18  Pylon  
  51  7:39  Photon Cannon  
  51  7:40  Stalker x2  
  51  7:43  Stalker  
  57  8:10  Zealot x2  
  61  8:13  Zealot  
  63  8:21  Protoss Shields Level 2  
  63  8:51  Robotics Facility  
  63  9:04  Dark Shrine  
  63  9:53  Dark Shrine  
  63  9:58  Observer  
  64  10:52  Dark Templar x2  
  64  10:54  Dark Templar  
  69  11:33  Pylon  
  69  11:35  Pylon  
  69  11:37  Pylon  
  69  11:51  Void Ray x2  
  77  11:56  Zealot x2  
  77  11:57  Zealot  
  77  12:53  Dark Templar x2  
  81  13:38  Archon  
  83  13:41  Dark Templar x2  
  85  14:28  Archon  
  85  14:29  Fleet Beacon  
Tags
 
Matchup
PvZ
Replay Pack
Pack 1
Spawn Locations
Cross Positions
Add a new tag
Caveats
  • Supply blocks, unpowered buildings, or Contaminate may cause inaccurate times.
  • Supply counts are checked every 10 seconds.